 Dungeon Crawl Stone Soup version 0.20-a0-1000-g0e8f6bb (webtiles) character file.

48 Firecrotchwizard the Chopper (level 3, 0/49 HPs)
             Began as a Minotaur Berserker on Apr 13, 2017.
             Was a Follower of Trog.
             Slain by a kobold (2 damage)
             ... on level 2 of the Dungeon.
             The game lasted 00:01:43 (992 turns).

Firecrotchwizard the Chopper (Minotaur Berserker)    Turns: 992, Time: 00:01:43

Health: 0/49       AC:  2    Str: 26    XL:     3   Next: 50%
Magic:  2/2        EV: 12    Int:  4    God:    Trog [*.....]
Gold:   47         SH:  0    Dex: 10    Spells: 2/2 levels left

rFire    . . .     SeeInvis .   h - +1 hand axe (elec)
rCold    . . .     Gourm    .   (no shield)
rNeg     . . .     Faith    .   b - +0 animal skin
rPois    .         Spirit   .   (helmet restricted)
rElec    .         Reflect  .   (no cloak)
rCorr    +         Harm     .   (no gloves)
MR       .....                  (no boots)
Stlth    ..........             (no amulet)
Regen    0.2/turn               l - ring of resist corrosion
MPRegen  0.1/turn               (no ring)

@: berserking, very quick
A: retaliatory headbutt, horns 2
a: Berserk, Burn Spellbooks, Renounce Religion


You were on level 2 of the Dungeon.
You worshipped Trog.
Trog was aware of your devotion.
You were very hungry.

You visited 1 branch of the dungeon, and saw 2 of its levels.

You collected 47 gold pieces.

Inventory:

Hand Weapons
 a - a +0 hand axe
 h - a +1 hand axe of electrocution (weapon)
   (You found it on level 1 of the Dungeon)
Missiles
 j - 2 throwing nets {=f, !d}
Armour
 b - a +0 animal skin (worn)
Jewellery
 l - a ring of resist corrosion (left hand)
   (You took it off a kobold on level 1 of the Dungeon)
Scrolls
 e - 2 scrolls of identify {unknown}
 g - 2 scrolls of teleportation {unknown}
Potions
 f - a potion of heal wounds {unknown}
 i - a potion of agility {unknown}
 k - a potion of ambrosia {unknown}
Comestibles
 c - a bread ration {@e1}
 d - a royal jelly


   Skills:
 + Level 4.1 Fighting
 * Level 4.4 Axes
 + Level 2.9 Armour
 + Level 2.6 Dodging


You had 2 spell levels left.
You didn't know any spells.

Dungeon Overview and Level Annotations

Branches:
Dungeon (2/15)

Altars:


Innate Abilities, Weirdness & Mutations

You reflexively headbutt those who attack you in melee.
You have a pair of horns on your head.


Message History

Some of the chunks of flesh in your inventory have rotted away.
j - 2 throwing nets {=f, !d} You now have 47 gold pieces (gained 10).
k - a purple potion All of the chunks of flesh in your inventory have rotted away.
d - a royal jelly
Found a stone staircase leading down.
There is a stone staircase leading down here.
There is a stone staircase leading down here.
A giant cockroach comes into view.
The giant cockroach moves out of view.
You see here a leather armour.
You see here a hunting sling.
Done exploring.
Done exploring.
(D) Dungeon
Where to? (? - help)
You see here a hunting sling.
A kobold comes into view.
Search for what [? for help]? armour The kobold closely misses you.
You barely miss the kobold. The kobold hits you.
You take 3 damage, and have 24/27 hp.
You barely miss the kobold. Your headbutt misses the kobold.
The kobold barely misses you.
You closely miss the kobold. Your headbutt misses the kobold.
The kobold closely misses you.
You hit the kobold.
You kill the kobold!
Trog accepts your kill.
No target in view!
l - a marble ring You see here a kobold corpse.
(D) Dungeon
Where to? (Enter - D:2, ? - help)
There is a stone staircase leading down here.
You climb downwards.
There is a stone staircase leading up here.
l - a ring of resist corrosion (left hand)
A gnoll comes into view. It is wielding a halberd.
The gnoll shouts!
A gnoll is nearby!
A giant cockroach and a hobgoblin come into view.
You see here 3 scrolls labeled XILIUV BEEFAH. 2 gnolls come into view.
The hobgoblin shouts!
The gnoll shouts! x2; You hear a shout! x2
The gnoll moves out of view.
You hit the gnoll. Your headbutt misses the gnoll. You closely miss the gnoll.
The gnoll hits you with a halberd!
A gnoll and a kobold come into view.
You take 9 damage, and have 17/27 hp.
MASSIVE DAMAGE!!
You barely miss the gnoll. You hit the gnoll.
The gnoll hits you but does no damage.
The gnoll moves out of view.
The gnoll closely misses you.
You barely miss the gnoll. You headbutt the gnoll.
You barely miss the hobgoblin. You hit the gnoll.
The hobgoblin closely misses you. You furiously retaliate!
You headbutt the hobgoblin!
You kill the hobgoblin!
Trog accepts your kill. The gnoll misses you.
The gnoll hits you but does no damage. The kobold hits you.
You take 3 damage, and have 14/27 hp.
A red film seems to cover your vision as you go berserk!
You feel yourself moving faster!
You feel mighty!
You are feeling very hungry.
The gnoll misses you. The gnoll hits you with a club!
* * * LOW HITPOINT WARNING * * *
The kobold barely misses you.
You now have 12/40 hp.
You slash the gnoll! Lightning courses through the gnoll!
You kill the gnoll!
Trog accepts your kill.
Your Fighting skill increases to level 4!
You have reached level 3!
Your experience leads to an increase in your attributes!
Your base attributes are Str 21, Int 4, Dex 9.
Increase (S)trength, (I)ntelligence, or (D)exterity?
You feel agile.
You hit the gnoll. You hit the kobold but do no damage. You hit the gnoll.
The gnoll hits you with a halberd!
* * * LOW HITPOINT WARNING * * *
The gnoll hits you with a flail.
* * * LOW HITPOINT WARNING * * *
You take 10 damage, and have 2/49 hp.
MASSIVE DAMAGE!!
MP restored: 2 You slash the giant cockroach!
Lightning courses through the giant cockroach!
You kill the giant cockroach!
Trog accepts your kill.
You slash the gnoll! Lightning courses through the gnoll!
You kill the gnoll!
Trog accepts your kill.
You slash the giant cockroach!
You kill the giant cockroach!
Trog accepts your kill.
You slash the gnoll! You barely miss the kobold. The kobold hits you.
You die...

.#..# #.
.#..# # #?
....#.# #.
......
###.##....#
#....g...
###+#.g))#
......K@#
.....##.#
... #?# $
#.# #.####
#<...#
#....#
#....#
#....#


You could see 2 gnolls and a kobold.

Vanquished Creatures
  2 gnolls (D:2)
  A dart slug (D:1)
  A leopard gecko (D:1)
  2 ball pythons (D:1)
  2 giant cockroaches (D:2)
  4 goblins (D:1)
  3 hobgoblins
  3 bats (D:1)
  A frilled lizard (D:1)
  3 kobolds (D:1)
  3 rats (D:1)
25 creatures vanquished.

Notes
Turn   | Place    | Note
-------+----------+-------------------------------------------
     0 | D:1      | Firecrotchwizard the Minotaur Berserker began the quest for the Orb.
     0 | D:1      | Reached XP level 1. HP: 19/19 MP: 0/0
   299 | D:1      | Reached XP level 2. HP: 16/27 MP: 1/1
   478 | D:1      | Reached skill level 4 in Axes
   991 | D:2      | Reached skill level 4 in Fighting
   991 | D:2      | Reached XP level 3. HP: 15/33 MP: 2/2
   991 | D:2      | HP: 8/49 [gnoll/halberd (7)]
   991 | D:2      | HP: 2/49 [gnoll/flail (6)]
   992 | D:2      | Slain by a kobold

Vault maps used:
D:1:      scummos_arrival_simple_fountains, minmay_misc_feat_roman,
          minmay_pentomino_t4
D:2:      first_bread

Skill      XL: |  1  2 |
---------------+-------+-----
Axes           | 4 |  4.4
Fighting       | 4 |  4.1
Armour         | |  2.9
Dodging        | |  2.6

Action                   || total
-------------------------++-------
Melee: Hand axe          ||    51
       Headbutt          ||     5
Invok: Berserk           ||     1
Armor: Animal skin       ||    11
Dodge: Dodged            ||    32

Vault maps used:
D:1:      scummos_arrival_simple_fountains, minmay_misc_feat_roman,
          minmay_pentomino_t4
D:2:      first_bread

Table legend:
 A = Turns spent in this place as a percentage of turns spent in the entire game.
 B = Non-inter-level travel turns spent in this place as a percentage of non-inter-level travel turns spent in the entire game.
 C = Inter-level travel turns spent in this place as a percentage of turns spent in this place.
 D = Turns resting spent in this place as a percentage of non-inter-level travel turns spent in this place.
 E = Turns spent auto-exploring this place as a percentage of non-inter-level travel turns spent in this place.
 F = Non-inter-level travel turns spent in this place divided by the number of levels of this place that you've seen.
                   A       B       C       D       E      F
               +-------+-------+-------+-------+-------+----------------------
         Total | 100.0 | 100.0 |   1.1 |   4.3 |  14.9 |  94.0
       Dungeon | 100.0 | 100.0 |   1.1 |   4.3 |  14.9 |  94.0
               +-------+-------+-------+-------+-------+----------------------

Table legend:
 A = Kills in this place as a percentage of kills in entire the game.
 B = Kills by you in this place as a percentage of kills by you in the entire game.
 C = Kills by friends in this place as a percentage of kills by friends in the entire game.
 D = Other kills in this place as a percentage of other kills in the entire game.
 E = Experience gained in this place as a percentage of experience gained in the entire game.
 F = Experience gained in this place divided by the number of levels of this place that you have seen.
                   A       B       C       D       E      F
               +-------+-------+-------+-------+-------+----------------------
         Total | 100.0 | 100.0 |  -nan |  -nan | 100.0 |  34.5
       Dungeon | 100.0 | 100.0 |  -nan |  -nan | 100.0 |  34.5
               +-------+-------+-------+-------+-------+----------------------
